 Dungeon Sprint DCSS version 0.19-a0-1714-gcab94ab (webtiles) character file.

210 Theye the Slasher (level 5, -6/51 HPs)
             Began as a Naga Gladiator on Sept 28, 2016.
             Was an Initiate of Cheibriados.
             Mangled by a hill giant
             ... wielding a +0 giant club
              (27 damage)
             ... in the Dungeon (Sprint IX: "|||||||||||||||||||||||||||||").
             The game lasted 00:00:50 (530 turns).

Theye the Slasher (Naga Gladiator)                   Turns: 530, Time: 00:00:51

Health: -6/51      AC:  9    Str: 19    XL:     5   Next: 88%
Magic:  4/8        EV:  7    Int: 10    God:    Cheibriados [......]
Gold:   0          SH:  0    Dex: 12    Spells: 0 memorised, 4 levels left

rFire  . . .     SeeInvis +     t - +2 scimitar (flame)
rCold  . . .     Gourm    .     q - +1 chain mail
rNeg   . . .     Faith    .     (no shield)
rPois  +         Spirit   .     c - +0 helmet
rElec  .         Dismiss  .     (no cloak)
rCorr  .         Reflect  .     (no gloves)
MR     .....     Harm     .     (no barding)
Stlth  .......... NoTele   +    (no amulet)
                                (no ring)
                                (no ring)

@: very slightly contaminated, invisible, very slow
A: see invisible, deformed body, poison resistance, slowness 2, slow metabolism
1, spit poison 1, AC +1
a: Spit Poison, Bend Time, Renounce Religion


You were in the Dungeon.
You worshipped Cheibriados.
Cheibriados was noncommittal.
You were not hungry.

You visited 1 branch

Inventory:

Hand Weapons
 a - a +0 long sword
 t - a +2 scimitar of flaming (weapon)
Missiles
 d - 3 throwing nets (quivered)
Armour
 b - a +0 leather armour
 c - a +0 helmet (worn)
 o - a +0 helmet
 p - a +0 helmet
 q - a +1 chain mail (worn)
Jewellery
 r - a +2 ring of protection
 s - a +2 ring of protection
Wands
 n - a wand of iceblast (7/15)
Scrolls
 k - 2 scrolls of blinking
 l - 3 scrolls of remove curse
 m - 2 scrolls of amnesia
Potions
 e - 5 potions of curing
 g - a potion of heal wounds
 h - a potion of haste
 i - 4 potions of magic
Comestibles
 f - a bread ration


   Skills:
 + Level 4.8 Fighting
 + Level 7.7 Long Blades
 - Level 2.1 Throwing
 + Level 3.2 Armour
 + Level 5.0 Dodging
 - Level 0.4 Stealth
 * Level 4.0 Invocations


You had 4 spell levels left.
You didn't know any spells.

Dungeon Overview and Level Annotations

Branches:
Dungeon (1/1)

Altars:
Cheibriados
Dithmenos
Elyvilon
Fedhas
Gozag
Hepliaklqana
Kikubaaqudgha
Makhleb
Nemelex Xobeh
Okawaru
Qazlal
Ru
Sif Muna
Trog
Uskayaw
Vehumet
Xom
Yredelemnul
Zin
The Shining One
Beogh
Jiyva
Lugonu


Innate Abilities, Weirdness & Mutations

You cannot wear boots.
Your serpentine skin is tough. (AC +1)
You have supernaturally acute eyesight. (SInv)
Armour fits poorly on your strangely shaped body.
Your system is resistant to poisons. (rPois)
You cover ground very slowly.
You have a slow metabolism.
You can spit poison.


Message History

Unknown command.
You hit the hill giant. You burn the hill giant.
The hill giant is lightly wounded.
The hill giant hits you with a giant club!!
Ouch! That really hurt!
* * * LOW HITPOINT WARNING * * *
You are too injured to fight recklessly!
You are too injured to fight recklessly!
You feel much better.
You hit the hill giant. You burn the hill giant.
The hill giant is lightly wounded.
The hill giant hits you with a giant club.
You slash the hill giant! You burn the hill giant.
The hill giant is moderately wounded.
The hill giant hits you with a giant club!
Your chain mail prevents you from hitting the hill giant.
The hill giant is moderately wounded.
The hill giant hits you with a giant club!!
Ouch! That really hurt!
You die...

▓_▓
▓_▓
▓_▓
▓.▓
▓'▓
▓.▓
▓.▓
▓|▓
▓@▓
▓C▓
▓l▓
▓l▓
▓o▓
▓a▓
▓'▓
▓.▓
▓.▓


You could see a hill giant, a komodo dragon, an iguana, a worker ant and an orc.

Vanquished Creatures
  A yak (D)
  A hound (D)
  An orc wizard (D)
  2 leopard geckos (D)
  A bat (D)
  A hobgoblin (D)
  2 frilled lizards (D)
  2 kobolds (D)
11 creatures vanquished.

Notes
Turn   | Place    | Note
-------+----------+-------------------------------------------
     0 | D        | Theye the Naga Gladiator began the quest for the Orb.
     0 | D        | Reached XP level 1. HP: 19/19 MP: 1/1
   290 | D        | Noticed a hound
   290 | D        | Noticed an orc wizard
   298 | D        | Reached XP level 2. HP: 27/27 MP: 2/2
   300 | D        | Reached skill level 5 in Long Blades
   300 | D        | Reached skill level 1 in Armour
   300 | D        | Reached XP level 3. HP: 33/33 MP: 3/3
   315 | D        | Reached XP level 4. HP: 14/42 MP: 4/4
   449 | D        | Found a roughly hewn altar of Beogh.
   449 | D        | Found a snail-covered altar of Cheibriados.
   449 | D        | Found a shadowy altar of Dithmenos.
   449 | D        | Found a white marble altar of Elyvilon.
   449 | D        | Found a blossoming altar of Fedhas.
   449 | D        | Found an opulent altar of Gozag.
   450 | D        | Found a hazy altar of Hepliaklqana.
   451 | D        | Found a viscous altar of Jiyva.
   452 | D        | Found an ancient bone altar of Kikubaaqudgha.
   453 | D        | Found a corrupted altar of Lugonu.
   455 | D        | Became a worshipper of Cheibriados the Contemplative
   457 | D        | Found a burning altar of Makhleb.
   458 | D        | Found a sparkling altar of Nemelex Xobeh.
   459 | D        | Found an iron altar of Okawaru.
   460 | D        | Found a stormy altar of Qazlal.
   461 | D        | Found a sacrificial altar of Ru.
   462 | D        | Found a deep blue altar of Sif Muna.
   463 | D        | Found a bloodstained altar of Trog.
   464 | D        | Found a hide-covered altar of Uskayaw.
   465 | D        | Found a radiant altar of Vehumet.
   466 | D        | Found a shimmering altar of Xom.
   467 | D        | Found a basalt altar of Yredelemnul.
   468 | D        | Found a glowing silver altar of Zin.
   469 | D        | Found a glowing golden altar of the Shining One.
   507 | D        | Noticed a yak
   507 | D        | Noticed a hill giant
   507 | D        | Noticed a komodo dragon
   525 | D        | Killed a yak
   525 | D        | Reached skill level 7 in Long Blades
   525 | D        | Reached skill level 5 in Dodging
   525 | D        | Reached XP level 5. HP: 40/51 MP: 4/8
   530 | D        | Mangled by a hill giant

Vault maps used:
D:        linesprint

Skill      XL: |  1  2  3  4 |
---------------+-------------+-----
Throwing       | 2 |  2.1
Long Blades    | 5 7 |  7.7
Armour         | 1 3 |  3.2
Dodging        | 3 4 5 |  5.0
Fighting       | 3 4 |  4.8
Invocations    | 4 |  4.0
Stealth        | |  0.4

Action                   |  1- 3 |  4- 6 || total
-------------------------+-------+-------++-------
Melee: Long sword        |    41 |       ||    41
       Scimitar          |       |    13 ||    13
  Use: Potion            |     1 |     3 ||     4
 Stab: Invisible         |       |     1 ||     1
Armor: Leather armour    |     8 |       ||     8
       Chain mail        |       |     4 ||     4
Dodge: Dodged            |    16 |     3 ||    19
